[ PARTIDA AOE2 · #468143852 ]
Team RMBohemios vs Franks
[ ANÁLISIS DE REPETICIÓN · EXTRAÍDO DE LA PARTIDA GRABADA ]
Feudal
10:40
Castillos
14:23
Imperial
31:07
| APM promedio | 31.9 |
| APM pico | 85 |
| eAPM promedio | 17.8 |
| Aldeanos / militares | 191 / 119 |
Foco
⚔️ 29.5% · 🌾 70.5%
Spearman ×60 · Hand Cannoneer ×30 · Hussite Wagon ×23 · Bombard Cannon ×3 · Petard ×2 · Trebuchet (Packed) ×1
Feudal
11:54
Castillos
16:40
Imperial
32:30
| APM promedio | 38.5 |
| APM pico | 101 |
| eAPM promedio | 19.8 |
| Aldeanos / militares | 138 / 551 |
Foco
⚔️ 29.8% · 🌾 70.2%
Berserk ×376 · Skirmisher ×110 · Archer ×62 · Trebuchet (Packed) ×3
Feudal
10:11
Castillos
13:53
Imperial
42:12
| APM promedio | 68.8 |
| APM pico | 133 |
| eAPM promedio | 41.4 |
| Aldeanos / militares | 227 / 22 |
Foco
⚔️ 29.8% · 🌾 70.2%
Unknown (1968) ×263 · Mangonel ×22 · Unknown (1974) ×17
Feudal
10:13
Castillos
14:20
Imperial
41:29
| APM promedio | 57.4 |
| APM pico | 102 |
| eAPM promedio | 31.1 |
| Aldeanos / militares | 231 / 199 |
Foco
⚔️ 33.1% · 🌾 66.9%
Scorpion ×75 · Spearman ×59 · Battering Ram ×40 · Mangonel ×16 · Woad Raider ×9
Feudal
10:22
Castillos
14:13
Imperial
29:10
| APM promedio | 37.3 |
| APM pico | 74 |
| eAPM promedio | 25.6 |
| Aldeanos / militares | 242 / 737 |
Foco
⚔️ 36.3% · 🌾 63.7%
Militia ×427 · Scout Cavalry ×118 · Boyar ×100 · Spearman ×53 · Trade Cart ×53 · Battering Ram ×27
Feudal
10:47
Castillos
14:35
Imperial
28:02
| APM promedio | 31.9 |
| APM pico | 102 |
| eAPM promedio | 18.7 |
| Aldeanos / militares | 188 / 234 |
Foco
⚔️ 24.5% · 🌾 75.5%
Knight ×227 · Scout Cavalry ×5 · Monk ×1 · Trebuchet (Packed) ×1
Feudal
10:06
Castillos
13:49
Imperial
28:15
| APM promedio | 17.9 |
| APM pico | 96 |
| eAPM promedio | 12.7 |
| Aldeanos / militares | 192 / 194 |
Foco
⚔️ 27.4% · 🌾 72.6%
Knight ×186 · Trebuchet (Packed) ×6 · Trade Cart ×6 · Monk ×2
Feudal
11:01
Castillos
14:36
Imperial
—
| APM promedio | 16.6 |
| APM pico | 57 |
| eAPM promedio | 9.6 |
| Aldeanos / militares | 73 / 125 |
Foco
⚔️ 39.4% · 🌾 60.6%
Jaguar Warrior ×108 · Battering Ram ×16 · Mangonel ×1
Mapa de la partida
Recursos al inicio + cada clic de construcción. Línea gruesa = muro · recuadro discontinuo = muro de casas detectado. 🟡 oro · ⚪ piedra · 🟢 bayas · 🔶 jabalí · ⭕ reliquia
Inputs por minuto
— 闲人肥羊 - - Coach_E
Build order — 闲人肥羊
Primeras 150 de 452 acciones detectadas
| 0:04 | Crear | Villager (Male) |
| 0:04 | Crear | Villager (Male) |
| 0:05 | Crear | Villager (Male) |
| 0:05 | Crear | Villager (Male) |
| 0:06 | Construir | House |
| 0:07 | Construir | House |
| 1:28 | Crear | Villager (Male) |
| 1:28 | Crear | Villager (Male) |
| 1:29 | Crear | Villager (Male) |
| 1:29 | Crear | Villager (Male) |
| 1:30 | Crear | Villager (Male) |
| 1:30 | Crear | Villager (Male) |
| 1:33 | Crear | Villager (Male) |
| 1:33 | Crear | Villager (Male) |
| 1:42 | Crear | Villager (Male) |
| 1:42 | Crear | Villager (Male) |
| 1:43 | Crear | Villager (Male) |
| 2:01 | Construir | Lumber Camp |
| 2:16 | Crear | Villager (Male) |
| 2:16 | Crear | Villager (Male) |
| 2:16 | Crear | Villager (Male) |
| 2:33 | Crear | Villager (Male) |
| 2:33 | Crear | Villager (Male) |
| 3:23 | Crear | Villager (Male) |
| 3:26 | Crear | Villager (Male) |
| 3:27 | Crear | Villager (Male) |
| 3:27 | Crear | Villager (Male) |
| 3:49 | Crear | Villager (Male) |
| 3:49 | Crear | Villager (Male) |
| 3:52 | Construir | House |
| 4:00 | Construir | Mill |
| 4:10 | Crear | Villager (Male) |
| 4:10 | Crear | Villager (Male) |
| 4:10 | Crear | Villager (Male) |
| 4:31 | Crear | Villager (Male) |
| 4:31 | Crear | Villager (Male) |
| 4:44 | Crear | Villager (Male) |
| 5:28 | Crear | Villager (Male) |
| 5:32 | Crear | Villager (Male) |
| 5:32 | Crear | Villager (Male) |
| 5:32 | Crear | Villager (Male) |
| 5:35 | Construir | House |
| 6:03 | Crear | Villager (Male) |
| 6:25 | Crear | Villager (Male) |
| 6:51 | Construir | Mining Camp |
| 7:02 | Crear | Villager (Male) |
| 7:16 | Crear | Villager (Male) |
| 8:30 | Investigar | Feudal Age |
| 8:30 | Investigar | Feudal Age |
| 8:31 | Investigar | Feudal Age |
| 9:51 | Crear | Villager (Male) |
| 9:51 | Crear | Villager (Male) |
| 10:40 | Edad | Edad Feudal |
| 10:42 | Construir | Market |
| 10:45 | Construir | Blacksmith |
| 11:43 | Investigar | Castle Age |
| 11:43 | Investigar | Castle Age |
| 12:10 | Investigar | Double-Bit Axe |
| 12:10 | Investigar | Double-Bit Axe |
| 12:30 | Construir | Farm |
| 12:32 | Construir | Farm |
| 12:34 | Construir | Farm |
| 12:38 | Construir | Farm |
| 12:41 | Construir | Farm |
| 13:01 | Investigar | Horse Collar |
| 13:31 | Construir | House |
| 13:37 | Construir | House |
| 13:49 | Construir | Farm |
| 13:51 | Construir | Farm |
| 13:54 | Construir | House |
| 14:07 | Crear | Villager (Male) |
| 14:23 | Edad | Edad de los Castillos |
| 14:25 | Construir | Town Center |
| 14:32 | Crear | Villager (Male) |
| 14:51 | Construir | Castle |
| 15:00 | Crear | Villager (Male) |
| 15:20 | Construir | Farm |
| 15:26 | Crear | Villager (Male) |
| 15:43 | Crear | Villager (Male) |
| 15:44 | Crear | Villager (Male) |
| 15:48 | Construir | Farm |
| 15:56 | Crear | Villager (Male) |
| 15:56 | Crear | Villager (Male) |
| 16:04 | Construir | House |
| 16:11 | Construir | House |
| 16:13 | Construir | House |
| 16:14 | Crear | Villager (Male) |
| 16:15 | Crear | Villager (Male) |
| 16:24 | Construir | Palisade Wall |
| 16:32 | Construir | Stone Wall |
| 16:32 | Crear | Villager (Male) |
| 16:32 | Crear | Villager (Male) |
| 16:33 | Crear | Villager (Male) |
| 16:50 | Crear | Villager (Male) |
| 16:50 | Crear | Villager (Male) |
| 16:54 | Crear | Hussite Wagon |
| 16:55 | Crear | Hussite Wagon |
| 17:05 | Crear | Villager (Male) |
| 17:05 | Crear | Villager (Male) |
| 17:06 | Construir | Farm |
| 17:18 | Construir | Farm |
| 17:18 | Crear | Villager (Male) |
| 17:19 | Crear | Villager (Male) |
| 17:19 | Crear | Villager (Male) |
| 17:20 | Crear | Hussite Wagon |
| 17:33 | Crear | Villager (Male) |
| 17:34 | Crear | Villager (Male) |
| 17:37 | Construir | Farm |
| 17:52 | Crear | Villager (Male) |
| 17:52 | Crear | Villager (Male) |
| 18:02 | Construir | Farm |
| 18:02 | Crear | Villager (Male) |
| 18:03 | Crear | Villager (Male) |
| 18:17 | Construir | Farm |
| 18:17 | Crear | Villager (Male) |
| 18:18 | Crear | Villager (Male) |
| 18:33 | Crear | Villager (Male) |
| 18:33 | Crear | Villager (Male) |
| 18:40 | Construir | Town Center |
| 18:41 | Crear | Villager (Male) |
| 18:41 | Crear | Villager (Male) |
| 18:50 | Crear | Villager (Male) |
| 18:50 | Crear | Villager (Male) |
| 18:53 | Construir | Farm |
| 18:55 | Construir | Farm |
| 19:06 | Crear | Villager (Male) |
| 19:06 | Crear | Villager (Male) |
| 19:09 | Crear | Villager (Male) |
| 19:09 | Crear | Villager (Male) |
| 19:10 | Crear | Villager (Male) |
| 19:27 | Crear | Villager (Male) |
| 19:27 | Crear | Villager (Male) |
| 19:32 | Construir | Farm |
| 19:34 | Construir | Farm |
| 19:36 | Construir | Farm |
| 19:36 | Crear | Villager (Male) |
| 19:36 | Crear | Villager (Male) |
| 19:42 | Crear | Villager (Male) |
| 19:42 | Crear | Villager (Male) |
| 19:56 | Crear | Villager (Male) |
| 20:00 | Construir | Farm |
| 20:01 | Construir | Farm |
| 20:04 | Construir | Farm |
| 20:05 | Crear | Villager (Male) |
| 20:12 | Crear | Villager (Male) |
| 20:12 | Crear | Villager (Male) |
| 20:24 | Crear | Villager (Male) |
| 20:24 | Crear | Villager (Male) |
| 20:25 | Crear | Hussite Wagon |
| 20:30 | Crear | Villager (Male) |
Build order — Coach_E
Primeras 150 de 456 acciones detectadas
| 0:01 | Crear | Villager (Male) |
| 0:02 | Crear | Villager (Male) |
| 0:02 | Crear | Villager (Male) |
| 0:02 | Crear | Villager (Male) |
| 0:02 | Crear | Villager (Male) |
| 0:04 | Construir | House |
| 0:05 | Construir | House |
| 0:40 | Investigar | Loom |
| 1:39 | Crear | Villager (Male) |
| 1:39 | Crear | Villager (Male) |
| 1:39 | Crear | Villager (Male) |
| 2:02 | Construir | Lumber Camp |
| 2:06 | Crear | Villager (Male) |
| 2:06 | Crear | Villager (Male) |
| 2:35 | Crear | Villager (Male) |
| 2:35 | Crear | Villager (Male) |
| 2:49 | Crear | Villager (Male) |
| 2:49 | Crear | Villager (Male) |
| 3:10 | Crear | Villager (Male) |
| 3:10 | Crear | Villager (Male) |
| 3:10 | Crear | Villager (Male) |
| 3:50 | Crear | Villager (Male) |
| 3:50 | Crear | Villager (Male) |
| 3:57 | Construir | House |
| 3:58 | Construir | House |
| 4:08 | Crear | Villager (Male) |
| 4:40 | Construir | House |
| 4:56 | Crear | Villager (Male) |
| 5:08 | Crear | Villager (Male) |
| 5:15 | Construir | House |
| 5:16 | Construir | House |
| 5:18 | Construir | House |
| 5:42 | Construir | Mill |
| 5:47 | Crear | Villager (Male) |
| 5:55 | Crear | Villager (Male) |
| 5:55 | Crear | Villager (Male) |
| 6:33 | Construir | House |
| 6:48 | Crear | Villager (Male) |
| 7:32 | Crear | Villager (Male) |
| 7:38 | Construir | Mining Camp |
| 7:43 | Crear | Villager (Male) |
| 8:08 | Crear | Villager (Male) |
| 8:54 | Crear | Villager (Male) |
| 8:54 | Crear | Villager (Male) |
| 9:40 | Investigar | Feudal Age |
| 9:40 | Investigar | Feudal Age |
| 11:14 | Crear | Villager (Male) |
| 11:17 | Crear | Villager (Male) |
| 11:54 | Edad | Edad Feudal |
| 11:55 | Construir | Market |
| 12:01 | Construir | Blacksmith |
| 12:36 | Construir | Mining Camp |
| 12:54 | Crear | Villager (Male) |
| 12:58 | Construir | Farm |
| 13:00 | Construir | Farm |
| 13:02 | Construir | Farm |
| 13:03 | Construir | Farm |
| 13:31 | Crear | Villager (Male) |
| 13:33 | Construir | Farm |
| 13:35 | Construir | Farm |
| 14:00 | Investigar | Castle Age |
| 14:00 | Investigar | Castle Age |
| 14:02 | Construir | Farm |
| 15:01 | Investigar | Double-Bit Axe |
| 15:08 | Investigar | Horse Collar |
| 15:46 | Crear | Villager (Male) |
| 16:14 | Construir | Lumber Camp |
| 16:40 | Edad | Edad de los Castillos |
| 16:42 | Construir | Town Center |
| 16:50 | Construir | Town Center |
| 16:58 | Construir | Town Center |
| 17:04 | Crear | Villager (Male) |
| 17:33 | Crear | Villager (Male) |
| 17:45 | Construir | Barracks |
| 17:48 | Crear | Villager (Male) |
| 17:58 | Construir | Farm |
| 18:03 | Construir | Farm |
| 18:08 | Construir | Farm |
| 18:21 | Crear | Villager (Male) |
| 18:24 | Crear | Villager (Male) |
| 18:33 | Crear | Villager (Male) |
| 18:48 | Crear | Villager (Male) |
| 18:55 | Investigar | Squires |
| 18:58 | Construir | Farm |
| 18:59 | Construir | Farm |
| 19:01 | Crear | Villager (Male) |
| 19:06 | Crear | Villager (Male) |
| 19:09 | Crear | Villager (Male) |
| 19:13 | Crear | Villager (Male) |
| 19:29 | Crear | Villager (Male) |
| 19:34 | Construir | Farm |
| 19:39 | Crear | Villager (Male) |
| 19:52 | Crear | Villager (Male) |
| 19:57 | Crear | Villager (Male) |
| 20:03 | Construir | House |
| 20:04 | Construir | House |
| 20:05 | Construir | House |
| 20:06 | Construir | House |
| 20:09 | Construir | House |
| 20:10 | Construir | House |
| 20:12 | Crear | Villager (Male) |
| 20:15 | Construir | Farm |
| 20:17 | Construir | Farm |
| 20:19 | Construir | Farm |
| 20:21 | Investigar | Arson |
| 20:24 | Crear | Villager (Male) |
| 20:28 | Construir | Farm |
| 20:30 | Crear | Villager (Male) |
| 20:44 | Construir | Castle |
| 20:48 | Construir | Mining Camp |
| 20:52 | Construir | Farm |
| 20:54 | Crear | Villager (Male) |
| 20:55 | Crear | Villager (Male) |
| 20:56 | Crear | Villager (Male) |
| 21:03 | Construir | House |
| 21:05 | Construir | House |
| 21:07 | Construir | House |
| 21:14 | Investigar | Forging |
| 21:17 | Construir | Farm |
| 21:19 | Investigar | Scale Mail Armor |
| 21:27 | Construir | Farm |
| 21:30 | Crear | Villager (Male) |
| 21:33 | Crear | Villager (Male) |
| 21:39 | Construir | Farm |
| 21:45 | Crear | Villager (Male) |
| 22:01 | Crear | Villager (Male) |
| 22:03 | Construir | Farm |
| 22:07 | Crear | Villager (Male) |
| 22:09 | Crear | Villager (Male) |
| 22:22 | Crear | Villager (Male) |
| 22:23 | Crear | Villager (Male) |
| 22:27 | Construir | Farm |
| 22:29 | Crear | Villager (Male) |
| 22:31 | Crear | Berserk ×2 |
| 22:32 | Crear | Berserk ×2 |
| 22:43 | Crear | Villager (Male) |
| 22:43 | Crear | Villager (Male) |
| 22:47 | Construir | Farm |
| 22:50 | Construir | Farm |
| 22:57 | Crear | Villager (Male) |
| 23:00 | Crear | Villager (Male) |
| 23:02 | Construir | Farm |
| 23:05 | Crear | Villager (Male) |
| 23:15 | Investigar | Bow Saw |
| 23:17 | Crear | Berserk |
| 23:17 | Crear | Berserk |
| 23:28 | Crear | Villager (Male) |
| 23:30 | Crear | Villager (Male) |
| 23:34 | Construir | Farm |
| 23:38 | Crear | Berserk ×2 |
Build order — 雾雨精灵
Primeras 150 de 695 acciones detectadas
| 0:02 | Crear | Villager (Male) |
| 0:02 | Crear | Villager (Male) |
| 0:03 | Construir | House |
| 0:06 | Construir | House |
| 0:12 | Crear | Villager (Male) |
| 0:12 | Crear | Villager (Male) |
| 0:12 | Crear | Villager (Male) |
| 0:13 | Crear | Villager (Male) |
| 1:26 | Crear | Villager (Male) |
| 1:26 | Crear | Villager (Male) |
| 1:26 | Crear | Villager (Male) |
| 1:46 | Construir | Lumber Camp |
| 2:01 | Crear | Villager (Male) |
| 2:01 | Crear | Villager (Male) |
| 2:01 | Crear | Villager (Male) |
| 2:14 | Crear | Villager (Male) |
| 2:15 | Crear | Villager (Male) |
| 2:42 | Crear | Villager (Male) |
| 2:43 | Crear | Villager (Male) |
| 3:00 | Crear | Villager (Male) |
| 3:01 | Crear | Villager (Male) |
| 3:01 | Crear | Villager (Male) |
| 3:38 | Construir | Mill |
| 3:51 | Crear | Villager (Male) |
| 3:53 | Crear | Villager (Male) |
| 3:54 | Crear | Villager (Male) |
| 3:54 | Crear | Villager (Male) |
| 3:54 | Crear | Villager (Male) |
| 3:58 | Construir | House |
| 4:27 | Crear | Villager (Male) |
| 4:27 | Crear | Villager (Male) |
| 4:45 | Crear | Villager (Male) |
| 4:45 | Crear | Villager (Male) |
| 4:45 | Crear | Villager (Male) |
| 4:51 | Crear | Villager (Male) |
| 4:51 | Crear | Villager (Male) |
| 4:58 | Construir | Farm |
| 5:30 | Crear | Villager (Male) |
| 5:30 | Crear | Villager (Male) |
| 5:45 | Crear | Villager (Male) |
| 5:46 | Crear | Villager (Male) |
| 5:46 | Crear | Villager (Male) |
| 5:53 | Crear | Villager (Male) |
| 5:53 | Crear | Villager (Male) |
| 5:53 | Crear | Villager (Male) |
| 5:54 | Crear | Villager (Male) |
| 6:14 | Crear | Villager (Male) |
| 6:14 | Crear | Villager (Male) |
| 6:23 | Construir | House |
| 6:45 | Crear | Villager (Male) |
| 6:45 | Crear | Villager (Male) |
| 6:45 | Crear | Villager (Male) |
| 7:10 | Crear | Villager (Male) |
| 7:10 | Crear | Villager (Male) |
| 7:18 | Crear | Villager (Male) |
| 7:18 | Crear | Villager (Male) |
| 7:18 | Crear | Villager (Male) |
| 7:19 | Crear | Villager (Male) |
| 7:19 | Crear | Villager (Male) |
| 7:27 | Crear | Villager (Male) |
| 7:27 | Crear | Villager (Male) |
| 7:50 | Investigar | Feudal Age |
| 9:23 | Crear | Villager (Male) |
| 9:23 | Crear | Villager (Male) |
| 10:11 | Edad | Edad Feudal |
| 10:16 | Construir | Blacksmith |
| 10:23 | Construir | Market |
| 10:29 | Investigar | Double-Bit Axe |
| 11:02 | Construir | Farm |
| 11:04 | Construir | Farm |
| 11:13 | Investigar | Castle Age |
| 11:13 | Investigar | Castle Age |
| 11:14 | Investigar | Castle Age |
| 11:29 | Investigar | Horse Collar |
| 11:30 | Investigar | Horse Collar |
| 11:30 | Investigar | Horse Collar |
| 11:59 | Construir | Farm |
| 12:02 | Construir | Farm |
| 12:23 | Construir | Farm |
| 12:53 | Construir | House |
| 13:08 | Construir | Farm |
| 13:17 | Construir | Farm |
| 13:27 | Crear | Villager (Male) |
| 13:27 | Crear | Villager (Male) |
| 13:32 | Construir | Farm |
| 13:38 | Construir | Farm |
| 13:53 | Edad | Edad de los Castillos |
| 13:57 | Construir | Town Center |
| 14:03 | Investigar | Bow Saw |
| 14:06 | Crear | Villager (Male) |
| 14:25 | Crear | Villager (Male) |
| 14:57 | Crear | Villager (Male) |
| 15:07 | Construir | Town Center |
| 15:11 | Crear | Villager (Male) |
| 15:26 | Crear | Villager (Male) |
| 15:31 | Crear | Villager (Male) |
| 15:35 | Construir | Farm |
| 15:36 | Crear | Villager (Male) |
| 15:42 | Construir | Farm |
| 15:49 | Crear | Villager (Male) |
| 15:57 | Crear | Villager (Male) |
| 16:03 | Construir | Farm |
| 16:05 | Construir | Farm |
| 16:13 | Crear | Villager (Male) |
| 16:16 | Construir | Farm |
| 16:26 | Construir | Farm |
| 16:29 | Construir | Farm |
| 16:32 | Crear | Villager (Male) |
| 16:33 | Crear | Villager (Male) |
| 16:33 | Crear | Villager (Male) |
| 16:34 | Crear | Villager (Male) |
| 16:46 | Crear | Villager (Male) |
| 16:53 | Construir | Stone Wall |
| 16:58 | Crear | Villager (Male) |
| 17:00 | Construir | Mining Camp |
| 17:31 | Construir | Siege Workshop |
| 18:03 | Crear | Mangonel |
| 18:03 | Crear | Mangonel |
| 18:03 | Crear | Mangonel |
| 18:03 | Crear | Mangonel |
| 18:05 | Crear | Villager (Male) |
| 18:05 | Crear | Villager (Male) |
| 18:06 | Crear | Villager (Male) |
| 18:06 | Crear | Villager (Male) |
| 18:15 | Investigar | Loom |
| 18:16 | Investigar | Loom |
| 18:16 | Investigar | Loom |
| 18:20 | Crear | Mangonel |
| 18:21 | Crear | Mangonel |
| 18:37 | Construir | House |
| 18:39 | Construir | House |
| 18:39 | Construir | House |
| 19:07 | Crear | Villager (Male) |
| 19:08 | Crear | Villager (Male) |
| 19:08 | Crear | Villager (Male) |
| 19:10 | Crear | Villager (Male) |
| 19:18 | Crear | Mangonel |
| 19:18 | Crear | Mangonel |
| 19:19 | Crear | Mangonel |
| 19:19 | Crear | Villager (Male) |
| 19:19 | Crear | Villager (Male) |
| 19:51 | Crear | Mangonel |
| 19:51 | Crear | Mangonel |
| 19:52 | Crear | Mangonel |
| 19:58 | Crear | Villager (Male) |
| 19:59 | Crear | Villager (Male) |
| 20:01 | Construir | Barracks |
| 20:08 | Construir | Farm |
| 20:09 | Construir | Farm |
| 20:30 | Crear | Unit 1974 |
Build order — JZE77874
Primeras 150 de 646 acciones detectadas
| 0:02 | Crear | Villager (Male) |
| 0:03 | Crear | Villager (Male) |
| 0:03 | Crear | Villager (Male) |
| 0:04 | Construir | House |
| 0:05 | Construir | House |
| 0:14 | Crear | Villager (Male) |
| 0:14 | Crear | Villager (Male) |
| 1:28 | Crear | Villager (Male) |
| 1:28 | Crear | Villager (Male) |
| 2:05 | Crear | Villager (Male) |
| 2:05 | Crear | Villager (Male) |
| 2:22 | Construir | Lumber Camp |
| 2:28 | Crear | Villager (Male) |
| 2:29 | Crear | Villager (Male) |
| 2:53 | Crear | Villager (Male) |
| 2:53 | Crear | Villager (Male) |
| 3:24 | Crear | Villager (Male) |
| 3:24 | Crear | Villager (Male) |
| 3:35 | Construir | House |
| 3:48 | Crear | Villager (Male) |
| 3:49 | Crear | Villager (Male) |
| 4:09 | Construir | House |
| 4:10 | Construir | House |
| 4:15 | Crear | Villager (Male) |
| 4:15 | Crear | Villager (Male) |
| 4:34 | Crear | Villager (Male) |
| 4:34 | Crear | Villager (Male) |
| 4:46 | Crear | Villager (Male) |
| 4:47 | Crear | Villager (Male) |
| 5:04 | Crear | Villager (Male) |
| 5:13 | Construir | Mill |
| 5:35 | Crear | Villager (Male) |
| 5:36 | Crear | Villager (Male) |
| 6:10 | Crear | Villager (Male) |
| 6:11 | Crear | Villager (Male) |
| 6:11 | Crear | Villager (Male) |
| 6:11 | Crear | Villager (Male) |
| 7:03 | Crear | Villager (Male) |
| 7:39 | Construir | Mining Camp |
| 8:03 | Investigar | Feudal Age |
| 8:04 | Investigar | Feudal Age |
| 10:12 | Crear | Villager (Male) |
| 10:13 | Edad | Edad Feudal |
| 10:20 | Construir | Market |
| 10:24 | Construir | Blacksmith |
| 10:28 | Construir | House |
| 10:30 | Construir | House |
| 10:41 | Crear | Villager (Male) |
| 11:40 | Investigar | Castle Age |
| 11:40 | Investigar | Castle Age |
| 11:54 | Construir | Lumber Camp |
| 12:02 | Investigar | Double-Bit Axe |
| 12:05 | Construir | Farm |
| 12:14 | Construir | Farm |
| 13:10 | Construir | Farm |
| 13:14 | Construir | Farm |
| 13:16 | Investigar | Gold Mining |
| 13:16 | Investigar | Gold Mining |
| 14:20 | Edad | Edad de los Castillos |
| 14:21 | Construir | Siege Workshop |
| 14:30 | Construir | Siege Workshop |
| 14:32 | Crear | Villager (Male) |
| 14:58 | Crear | Battering Ram |
| 15:03 | Crear | Villager (Male) |
| 15:13 | Crear | Battering Ram |
| 15:23 | Crear | Villager (Male) |
| 15:23 | Crear | Villager (Male) |
| 15:29 | Crear | Battering Ram |
| 15:52 | Crear | Scorpion |
| 15:53 | Crear | Scorpion |
| 16:05 | Crear | Scorpion |
| 16:05 | Crear | Scorpion |
| 16:09 | Crear | Villager (Male) |
| 16:18 | Construir | House |
| 16:33 | Crear | Scorpion |
| 16:49 | Construir | University |
| 17:43 | Crear | Villager (Male) |
| 17:46 | Construir | House |
| 17:46 | Construir | House |
| 17:47 | Construir | House |
| 17:52 | Crear | Mangonel |
| 18:19 | Crear | Villager (Male) |
| 18:26 | Investigar | Ballistics |
| 18:26 | Investigar | Ballistics |
| 18:36 | Crear | Villager (Male) |
| 18:36 | Crear | Villager (Male) |
| 18:37 | Crear | Villager (Male) |
| 19:19 | Crear | Battering Ram |
| 19:19 | Crear | Battering Ram |
| 19:31 | Crear | Scorpion |
| 20:05 | Investigar | Loom |
| 20:08 | Construir | Barracks |
| 20:20 | Construir | Mining Camp |
| 20:20 | Crear | Villager (Male) |
| 20:21 | Crear | Villager (Male) |
| 20:22 | Construir | Farm |
| 20:28 | Crear | Mangonel |
| 20:28 | Crear | Mangonel |
| 20:36 | Construir | House |
| 20:50 | Crear | Villager (Male) |
| 20:50 | Crear | Villager (Male) |
| 21:02 | Crear | Spearman |
| 21:02 | Crear | Spearman |
| 21:03 | Crear | Spearman |
| 21:09 | Construir | House |
| 21:10 | Crear | Scorpion |
| 21:10 | Crear | Scorpion |
| 21:17 | Crear | Spearman |
| 21:17 | Crear | Spearman |
| 21:44 | Crear | Battering Ram |
| 21:44 | Crear | Battering Ram |
| 22:05 | Construir | House |
| 23:04 | Construir | Town Center |
| 23:08 | Crear | Mangonel |
| 23:08 | Crear | Mangonel |
| 23:13 | Crear | Mangonel |
| 23:13 | Crear | Mangonel |
| 23:54 | Crear | Mangonel |
| 24:16 | Crear | Spearman |
| 24:16 | Crear | Spearman |
| 24:16 | Crear | Spearman |
| 24:16 | Crear | Spearman |
| 24:17 | Crear | Spearman |
| 24:28 | Crear | Spearman |
| 24:29 | Crear | Spearman |
| 24:30 | Construir | House |
| 25:10 | Crear | Villager (Male) |
| 25:10 | Crear | Villager (Male) |
| 25:18 | Crear | Mangonel |
| 25:18 | Crear | Mangonel |
| 25:29 | Crear | Battering Ram |
| 25:33 | Crear | Scorpion |
| 25:33 | Crear | Scorpion |
| 25:37 | Crear | Villager (Male) |
| 26:20 | Crear | Villager (Male) |
| 26:36 | Crear | Villager (Male) |
| 26:36 | Crear | Villager (Male) |
| 26:37 | Crear | Mangonel |
| 26:37 | Crear | Mangonel |
| 27:07 | Crear | Villager (Male) |
| 27:08 | Crear | Villager (Male) |
| 27:14 | Construir | Farm |
| 27:14 | Construir | Farm |
| 27:15 | Construir | Farm |
| 27:16 | Construir | Farm |
| 27:16 | Construir | Farm |
| 27:18 | Construir | Farm |
| 27:19 | Construir | Farm |
| 27:22 | Construir | Town Center |
| 27:54 | Crear | Villager (Male) |
Build order — 爸爸请帮我止痒
Primeras 150 de 721 acciones detectadas
| 0:03 | Construir | House |
| 0:05 | Construir | House |
| 0:06 | Crear | Villager (Male) |
| 0:06 | Crear | Villager (Male) |
| 0:06 | Crear | Villager (Male) |
| 0:27 | Crear | Villager (Male) |
| 0:28 | Crear | Villager (Male) |
| 1:29 | Crear | Villager (Male) |
| 1:30 | Crear | Villager (Male) |
| 1:53 | Construir | Lumber Camp |
| 2:02 | Crear | Villager (Male) |
| 2:02 | Crear | Villager (Male) |
| 2:02 | Crear | Villager (Male) |
| 2:02 | Crear | Villager (Male) |
| 2:38 | Crear | Villager (Male) |
| 2:38 | Crear | Villager (Male) |
| 3:25 | Crear | Villager (Male) |
| 3:26 | Crear | Villager (Male) |
| 3:26 | Crear | Villager (Male) |
| 3:26 | Crear | Villager (Male) |
| 3:35 | Construir | Mill |
| 4:03 | Crear | Villager (Male) |
| 4:33 | Construir | Farm |
| 4:42 | Construir | House |
| 5:04 | Crear | Villager (Male) |
| 5:04 | Crear | Villager (Male) |
| 5:07 | Construir | House |
| 5:35 | Crear | Villager (Male) |
| 5:39 | Crear | Villager (Male) |
| 5:40 | Crear | Villager (Male) |
| 5:40 | Crear | Villager (Male) |
| 5:40 | Crear | Villager (Male) |
| 5:42 | Crear | Villager (Male) |
| 5:42 | Crear | Villager (Male) |
| 6:04 | Crear | Villager (Male) |
| 8:12 | Investigar | Feudal Age |
| 8:12 | Investigar | Feudal Age |
| 8:14 | Crear | Villager (Male) |
| 8:14 | Crear | Villager (Male) |
| 10:22 | Edad | Edad Feudal |
| 10:27 | Construir | Blacksmith |
| 10:30 | Construir | Market |
| 10:49 | Investigar | Double-Bit Axe |
| 10:51 | Investigar | Horse Collar |
| 11:33 | Investigar | Castle Age |
| 11:34 | Investigar | Castle Age |
| 11:46 | Construir | Farm |
| 11:56 | Construir | Farm |
| 12:05 | Construir | Farm |
| 12:09 | Construir | Farm |
| 12:16 | Construir | Farm |
| 12:27 | Crear | Villager (Male) |
| 12:47 | Construir | House |
| 14:01 | Crear | Villager (Male) |
| 14:13 | Edad | Edad de los Castillos |
| 14:19 | Construir | Town Center |
| 14:30 | Construir | Town Center |
| 14:37 | Crear | Villager (Male) |
| 15:02 | Crear | Villager (Male) |
| 15:09 | Construir | House |
| 15:27 | Investigar | Bow Saw |
| 15:28 | Crear | Villager (Male) |
| 15:29 | Crear | Villager (Male) |
| 15:42 | Crear | Villager (Male) |
| 15:52 | Crear | Villager (Male) |
| 15:52 | Crear | Villager (Male) |
| 15:57 | Crear | Villager (Male) |
| 16:04 | Construir | Lumber Camp |
| 16:08 | Crear | Villager (Male) |
| 16:21 | Crear | Villager (Male) |
| 16:25 | Construir | Farm |
| 16:32 | Construir | Farm |
| 16:34 | Crear | Villager (Male) |
| 16:44 | Crear | Villager (Male) |
| 17:07 | Crear | Villager (Male) |
| 17:12 | Construir | Town Center |
| 17:16 | Crear | Villager (Male) |
| 17:17 | Crear | Villager (Male) |
| 17:35 | Construir | Siege Workshop |
| 17:39 | Crear | Villager (Male) |
| 17:44 | Construir | Farm |
| 17:45 | Construir | Farm |
| 17:48 | Construir | Farm |
| 17:53 | Construir | Farm |
| 17:54 | Crear | Villager (Male) |
| 17:54 | Crear | Villager (Male) |
| 17:54 | Crear | Villager (Male) |
| 17:59 | Construir | Farm |
| 18:11 | Crear | Villager (Male) |
| 18:11 | Crear | Villager (Male) |
| 18:16 | Construir | House |
| 18:18 | Construir | House |
| 18:39 | Construir | Town Center |
| 18:42 | Crear | Villager (Male) |
| 18:42 | Crear | Villager (Male) |
| 18:42 | Crear | Villager (Male) |
| 18:48 | Construir | Farm |
| 18:48 | Construir | Farm |
| 18:49 | Construir | Farm |
| 18:57 | Construir | House |
| 18:58 | Crear | Villager (Male) |
| 18:58 | Crear | Villager (Male) |
| 19:06 | Crear | Villager (Male) |
| 19:06 | Crear | Villager (Male) |
| 19:11 | Construir | Farm |
| 19:15 | Construir | Farm |
| 19:17 | Crear | Villager (Male) |
| 19:17 | Crear | Villager (Male) |
| 19:20 | Construir | Farm |
| 19:26 | Crear | Villager (Male) |
| 19:27 | Crear | Villager (Male) |
| 19:29 | Construir | House |
| 19:33 | Crear | Villager (Male) |
| 19:36 | Construir | Farm |
| 19:50 | Crear | Villager (Male) |
| 19:50 | Crear | Villager (Male) |
| 19:52 | Crear | Villager (Male) |
| 19:53 | Crear | Villager (Male) |
| 19:56 | Construir | Farm |
| 20:02 | Construir | Farm |
| 20:03 | Construir | Farm |
| 20:04 | Crear | Villager (Male) |
| 20:04 | Crear | Villager (Male) |
| 20:05 | Crear | Villager (Male) |
| 20:08 | Construir | House |
| 20:11 | Crear | Villager (Male) |
| 20:14 | Crear | Villager (Male) |
| 20:14 | Crear | Villager (Male) |
| 20:19 | Construir | University |
| 20:21 | Construir | House |
| 20:22 | Crear | Villager (Male) |
| 20:22 | Crear | Villager (Male) |
| 20:29 | Construir | Farm |
| 20:29 | Crear | Villager (Male) |
| 20:30 | Crear | Villager (Male) |
| 20:35 | Construir | Farm |
| 20:40 | Construir | Farm |
| 20:40 | Crear | Villager (Male) |
| 20:40 | Crear | Villager (Male) |
| 20:41 | Crear | Villager (Male) |
| 20:42 | Crear | Villager (Male) |
| 20:49 | Construir | Outpost |
| 20:52 | Construir | Outpost |
| 20:53 | Construir | Outpost |
| 20:54 | Crear | Villager (Male) |
| 20:55 | Crear | Villager (Male) |
| 20:55 | Crear | Villager (Male) |
| 20:56 | Investigar | Loom |
| 21:01 | Construir | Farm |
| 21:05 | Construir | Farm |
Build order — ElitePlastic
Primeras 150 de 451 acciones detectadas
| 0:02 | Crear | Villager (Male) |
| 0:03 | Crear | Villager (Male) |
| 0:06 | Construir | House |
| 0:10 | Construir | House |
| 0:10 | Crear | Villager (Male) |
| 0:28 | Crear | Villager (Male) |
| 0:28 | Crear | Villager (Male) |
| 1:31 | Crear | Villager (Male) |
| 1:32 | Crear | Villager (Male) |
| 1:47 | Construir | House |
| 1:50 | Construir | Lumber Camp |
| 2:10 | Crear | Villager (Male) |
| 2:26 | Crear | Villager (Male) |
| 2:52 | Crear | Villager (Male) |
| 3:36 | Crear | Villager (Male) |
| 3:37 | Crear | Villager (Male) |
| 3:58 | Construir | Mill |
| 4:08 | Crear | Villager (Male) |
| 4:47 | Crear | Villager (Male) |
| 4:58 | Crear | Villager (Male) |
| 4:59 | Crear | Villager (Male) |
| 5:18 | Crear | Villager (Male) |
| 5:18 | Crear | Villager (Male) |
| 5:44 | Crear | Villager (Male) |
| 5:45 | Crear | Villager (Male) |
| 5:49 | Crear | Villager (Male) |
| 5:49 | Crear | Villager (Male) |
| 6:05 | Crear | Villager (Male) |
| 6:14 | Construir | House |
| 6:37 | Crear | Villager (Male) |
| 6:45 | Crear | Villager (Male) |
| 6:46 | Crear | Villager (Male) |
| 7:11 | Crear | Villager (Male) |
| 7:18 | Crear | Villager (Male) |
| 7:24 | Crear | Villager (Male) |
| 7:32 | Crear | Villager (Male) |
| 7:35 | Crear | Villager (Male) |
| 7:45 | Construir | Farm |
| 7:50 | Construir | Farm |
| 8:36 | Investigar | Feudal Age |
| 9:39 | Construir | House |
| 9:43 | Construir | Farm |
| 10:47 | Edad | Edad Feudal |
| 10:48 | Construir | Blacksmith |
| 10:50 | Construir | Market |
| 10:53 | Crear | Villager (Male) |
| 10:53 | Crear | Villager (Male) |
| 10:55 | Investigar | Double-Bit Axe |
| 11:55 | Investigar | Castle Age |
| 12:15 | Construir | Lumber Camp |
| 12:47 | Construir | Farm |
| 13:21 | Construir | Farm |
| 14:16 | Crear | Villager (Male) |
| 14:18 | Crear | Villager (Male) |
| 14:27 | Crear | Villager (Male) |
| 14:32 | Construir | House |
| 14:32 | Construir | House |
| 14:33 | Crear | Villager (Male) |
| 14:35 | Edad | Edad de los Castillos |
| 14:38 | Construir | Town Center |
| 14:38 | Crear | Villager (Male) |
| 14:42 | Construir | Town Center |
| 14:43 | Crear | Villager (Male) |
| 14:52 | Investigar | Bow Saw |
| 14:53 | Crear | Villager (Male) |
| 14:57 | Crear | Villager (Male) |
| 15:02 | Construir | Farm |
| 15:27 | Construir | Farm |
| 15:43 | Construir | Farm |
| 15:49 | Construir | Farm |
| 15:50 | Crear | Villager (Male) |
| 15:53 | Construir | Farm |
| 15:56 | Construir | Farm |
| 16:02 | Crear | Villager (Male) |
| 16:05 | Construir | Farm |
| 16:07 | Construir | Farm |
| 16:10 | Crear | Villager (Male) |
| 16:14 | Construir | Farm |
| 16:19 | Crear | Villager (Male) |
| 16:24 | Crear | Villager (Male) |
| 16:29 | Construir | Farm |
| 16:37 | Construir | Farm |
| 16:44 | Construir | Farm |
| 16:45 | Crear | Villager (Male) |
| 16:45 | Crear | Villager (Male) |
| 16:52 | Crear | Villager (Male) |
| 16:54 | Construir | Farm |
| 17:03 | Crear | Villager (Male) |
| 17:03 | Crear | Villager (Male) |
| 17:07 | Construir | Farm |
| 17:17 | Crear | Villager (Male) |
| 17:27 | Construir | Farm |
| 17:28 | Crear | Villager (Male) |
| 17:30 | Crear | Villager (Male) |
| 17:44 | Crear | Villager (Male) |
| 17:44 | Crear | Villager (Male) |
| 17:51 | Crear | Villager (Male) |
| 17:51 | Crear | Villager (Male) |
| 17:56 | Crear | Villager (Male) |
| 17:57 | Crear | Villager (Male) |
| 18:06 | Crear | Villager (Male) |
| 18:06 | Crear | Villager (Male) |
| 18:18 | Construir | Town Center |
| 18:20 | Crear | Villager (Male) |
| 18:20 | Crear | Villager (Male) |
| 18:23 | Construir | House |
| 18:31 | Investigar | Wheelbarrow |
| 18:38 | Construir | House |
| 18:39 | Crear | Villager (Male) |
| 18:40 | Crear | Villager (Male) |
| 18:45 | Construir | Farm |
| 18:48 | Construir | Farm |
| 18:49 | Crear | Villager (Male) |
| 18:50 | Crear | Villager (Male) |
| 18:54 | Crear | Villager (Male) |
| 19:01 | Construir | Farm |
| 19:02 | Crear | Villager (Male) |
| 19:14 | Crear | Villager (Male) |
| 19:19 | Construir | Farm |
| 19:21 | Crear | Villager (Male) |
| 19:26 | Construir | Farm |
| 19:33 | Crear | Villager (Male) |
| 19:36 | Crear | Villager (Male) |
| 19:40 | Construir | Farm |
| 19:45 | Crear | Villager (Male) |
| 19:57 | Crear | Villager (Male) |
| 20:02 | Construir | Mining Camp |
| 20:06 | Crear | Villager (Male) |
| 20:09 | Construir | Farm |
| 20:10 | Crear | Villager (Male) |
| 20:14 | Crear | Villager (Male) |
| 20:21 | Crear | Villager (Male) |
| 20:27 | Crear | Villager (Male) |
| 20:29 | Crear | Villager (Male) |
| 20:35 | Construir | House |
| 20:40 | Crear | Villager (Male) |
| 20:41 | Crear | Villager (Male) |
| 20:44 | Construir | Farm |
| 20:45 | Crear | Villager (Male) |
| 20:56 | Construir | House |
| 20:57 | Crear | Villager (Male) |
| 21:02 | Construir | Monastery |
| 21:04 | Crear | Villager (Male) |
| 21:04 | Crear | Villager (Male) |
| 21:05 | Crear | Villager (Male) |
| 21:05 | Crear | Villager (Male) |
| 21:07 | Construir | Farm |
| 21:11 | Crear | Villager (Male) |
| 21:14 | Crear | Villager (Male) |
| 21:20 | Crear | Villager (Male) |
Build order — 星星764
Primeras 150 de 471 acciones detectadas
| 0:01 | Crear | Villager (Male) |
| 0:01 | Crear | Villager (Male) |
| 0:02 | Crear | Villager (Male) |
| 0:03 | Construir | House |
| 0:04 | Construir | House |
| 0:30 | Crear | Villager (Male) |
| 0:30 | Crear | Villager (Male) |
| 1:29 | Crear | Villager (Male) |
| 1:46 | Construir | Lumber Camp |
| 1:59 | Crear | Villager (Male) |
| 1:59 | Crear | Villager (Male) |
| 2:00 | Crear | Villager (Male) |
| 2:20 | Crear | Villager (Male) |
| 2:20 | Crear | Villager (Male) |
| 2:47 | Construir | House |
| 2:48 | Construir | House |
| 2:55 | Crear | Villager (Male) |
| 2:56 | Crear | Villager (Male) |
| 2:56 | Crear | Villager (Male) |
| 3:12 | Crear | Villager (Male) |
| 3:12 | Crear | Villager (Male) |
| 4:02 | Crear | Villager (Male) |
| 4:09 | Crear | Villager (Male) |
| 4:09 | Crear | Villager (Male) |
| 4:09 | Crear | Villager (Male) |
| 4:58 | Construir | Mill |
| 5:01 | Crear | Villager (Male) |
| 5:01 | Crear | Villager (Male) |
| 5:11 | Crear | Villager (Male) |
| 5:33 | Crear | Villager (Male) |
| 6:00 | Crear | Villager (Male) |
| 6:07 | Crear | Villager (Male) |
| 6:07 | Crear | Villager (Male) |
| 6:37 | Construir | Farm |
| 6:39 | Construir | Farm |
| 6:44 | Crear | Villager (Male) |
| 6:45 | Crear | Villager (Male) |
| 7:47 | Construir | Mining Camp |
| 7:55 | Investigar | Feudal Age |
| 7:55 | Investigar | Feudal Age |
| 8:18 | Crear | Villager (Male) |
| 8:18 | Crear | Villager (Male) |
| 10:06 | Edad | Edad Feudal |
| 10:12 | Construir | Market |
| 10:19 | Construir | Blacksmith |
| 11:09 | Investigar | Castle Age |
| 11:10 | Investigar | Castle Age |
| 11:34 | Investigar | Double-Bit Axe |
| 11:49 | Crear | Villager (Male) |
| 11:50 | Crear | Villager (Male) |
| 12:00 | Construir | House |
| 13:49 | Edad | Edad de los Castillos |
| 13:52 | Construir | Town Center |
| 13:56 | Construir | Town Center |
| 13:57 | Investigar | Bow Saw |
| 14:02 | Construir | Farm |
| 14:03 | Construir | Farm |
| 14:06 | Construir | Farm |
| 14:09 | Construir | Farm |
| 14:23 | Crear | Villager (Male) |
| 14:41 | Construir | Farm |
| 14:41 | Crear | Villager (Male) |
| 14:56 | Construir | Farm |
| 15:04 | Construir | Farm |
| 15:05 | Crear | Villager (Male) |
| 15:21 | Crear | Villager (Male) |
| 15:22 | Crear | Villager (Male) |
| 15:30 | Crear | Villager (Male) |
| 15:39 | Construir | Farm |
| 15:41 | Construir | Farm |
| 15:45 | Construir | Farm |
| 15:45 | Crear | Villager (Male) |
| 15:48 | Construir | Farm |
| 15:55 | Construir | Farm |
| 15:55 | Crear | Villager (Male) |
| 16:00 | Crear | Villager (Male) |
| 16:00 | Crear | Villager (Male) |
| 16:05 | Construir | House |
| 16:07 | Crear | Villager (Male) |
| 16:07 | Crear | Villager (Male) |
| 16:08 | Crear | Villager (Male) |
| 16:13 | Construir | Farm |
| 16:22 | Construir | Farm |
| 16:23 | Crear | Villager (Male) |
| 16:24 | Crear | Villager (Male) |
| 16:25 | Crear | Villager (Male) |
| 16:25 | Crear | Villager (Male) |
| 16:25 | Crear | Villager (Male) |
| 16:25 | Crear | Villager (Male) |
| 16:35 | Construir | Farm |
| 16:36 | Crear | Villager (Male) |
| 16:36 | Crear | Villager (Male) |
| 16:36 | Crear | Villager (Male) |
| 16:41 | Construir | House |
| 16:47 | Crear | Villager (Male) |
| 16:48 | Crear | Villager (Male) |
| 16:49 | Construir | Farm |
| 16:57 | Crear | Villager (Male) |
| 16:57 | Crear | Villager (Male) |
| 17:01 | Construir | Farm |
| 17:05 | Construir | House |
| 17:07 | Crear | Villager (Male) |
| 17:07 | Crear | Villager (Male) |
| 17:07 | Crear | Villager (Male) |
| 17:10 | Construir | Farm |
| 17:21 | Crear | Villager (Male) |
| 17:21 | Crear | Villager (Male) |
| 17:24 | Construir | House |
| 17:25 | Crear | Villager (Male) |
| 17:25 | Crear | Villager (Male) |
| 17:27 | Construir | Farm |
| 17:31 | Construir | Farm |
| 17:32 | Crear | Villager (Male) |
| 17:32 | Crear | Villager (Male) |
| 17:40 | Construir | Farm |
| 17:41 | Crear | Villager (Male) |
| 17:41 | Crear | Villager (Male) |
| 17:47 | Construir | House |
| 17:48 | Crear | Villager (Male) |
| 17:48 | Crear | Villager (Male) |
| 17:49 | Crear | Villager (Male) |
| 17:54 | Crear | Villager (Male) |
| 17:55 | Crear | Villager (Male) |
| 17:55 | Crear | Villager (Male) |
| 18:02 | Crear | Villager (Male) |
| 18:02 | Crear | Villager (Male) |
| 18:10 | Construir | House |
| 18:11 | Crear | Villager (Male) |
| 18:11 | Crear | Villager (Male) |
| 18:11 | Crear | Villager (Male) |
| 18:23 | Crear | Villager (Male) |
| 18:23 | Crear | Villager (Male) |
| 18:23 | Crear | Villager (Male) |
| 18:32 | Construir | Town Center |
| 18:33 | Crear | Villager (Male) |
| 18:34 | Crear | Villager (Male) |
| 18:38 | Construir | House |
| 18:39 | Crear | Villager (Male) |
| 18:39 | Crear | Villager (Male) |
| 18:39 | Crear | Villager (Male) |
| 18:47 | Crear | Villager (Male) |
| 18:47 | Crear | Villager (Male) |
| 18:50 | Construir | Farm |
| 18:54 | Construir | Farm |
| 18:55 | Crear | Villager (Male) |
| 18:58 | Construir | Farm |
| 19:00 | Construir | House |
| 19:05 | Crear | Villager (Male) |
| 19:11 | Crear | Villager (Male) |
| 19:16 | Construir | House |
Build order — 红黑EX
Primeras 150 de 283 acciones detectadas
| 0:02 | Crear | Villager (Male) |
| 0:04 | Construir | House |
| 0:06 | Construir | House |
| 0:13 | Crear | Villager (Male) |
| 0:13 | Crear | Villager (Male) |
| 0:13 | Crear | Villager (Male) |
| 1:25 | Crear | Villager (Male) |
| 1:25 | Crear | Villager (Male) |
| 1:47 | Construir | Lumber Camp |
| 1:54 | Crear | Villager (Male) |
| 1:54 | Crear | Villager (Male) |
| 2:23 | Crear | Villager (Male) |
| 2:23 | Crear | Villager (Male) |
| 2:30 | Crear | Villager (Male) |
| 2:31 | Crear | Villager (Male) |
| 3:15 | Crear | Villager (Male) |
| 3:15 | Crear | Villager (Male) |
| 3:55 | Construir | House |
| 3:56 | Construir | House |
| 3:57 | Construir | House |
| 4:10 | Crear | Villager (Male) |
| 4:10 | Crear | Villager (Male) |
| 4:11 | Crear | Villager (Male) |
| 4:25 | Crear | Villager (Male) |
| 4:25 | Crear | Villager (Male) |
| 5:15 | Construir | Mill |
| 5:18 | Crear | Villager (Male) |
| 5:38 | Construir | Mining Camp |
| 5:50 | Crear | Villager (Male) |
| 6:07 | Crear | Villager (Male) |
| 6:08 | Crear | Villager (Male) |
| 6:56 | Crear | Villager (Male) |
| 7:06 | Crear | Villager (Male) |
| 7:12 | Construir | Farm |
| 7:16 | Crear | Villager (Male) |
| 7:41 | Construir | Farm |
| 8:05 | Construir | Mining Camp |
| 8:21 | Crear | Villager (Male) |
| 8:51 | Investigar | Feudal Age |
| 9:22 | Crear | Villager (Male) |
| 9:22 | Crear | Villager (Male) |
| 11:01 | Edad | Edad Feudal |
| 11:04 | Construir | Market |
| 11:08 | Construir | Blacksmith |
| 11:33 | Construir | House |
| 11:56 | Investigar | Castle Age |
| 12:25 | Investigar | Horse Collar |
| 12:48 | Investigar | Double-Bit Axe |
| 12:51 | Construir | Farm |
| 13:00 | Construir | Farm |
| 13:22 | Construir | Farm |
| 13:39 | Investigar | Gold Mining |
| 13:59 | Crear | Villager (Male) |
| 14:36 | Edad | Edad de los Castillos |
| 14:38 | Investigar | Heavy Plow |
| 14:45 | Construir | Castle |
| 14:54 | Construir | Lumber Camp |
| 14:56 | Crear | Villager (Male) |
| 15:04 | Construir | Farm |
| 15:15 | Crear | Villager (Male) |
| 15:28 | Construir | Farm |
| 15:45 | Crear | Villager (Male) |
| 15:55 | Construir | Farm |
| 16:04 | Crear | Villager (Male) |
| 16:19 | Crear | Villager (Male) |
| 16:32 | Construir | Farm |
| 16:42 | Crear | Villager (Male) |
| 16:52 | Construir | Siege Workshop |
| 17:08 | Crear | Villager (Male) |
| 17:35 | Construir | Farm |
| 17:40 | Construir | House |
| 17:42 | Crear | Villager (Male) |
| 17:47 | Crear | Jaguar Warrior |
| 17:49 | Crear | Battering Ram |
| 17:59 | Construir | Farm |
| 18:01 | Crear | Villager (Male) |
| 18:06 | Crear | Jaguar Warrior |
| 18:16 | Crear | Villager (Male) |
| 18:23 | Construir | Farm |
| 18:31 | Crear | Battering Ram |
| 18:31 | Crear | Battering Ram |
| 18:33 | Crear | Jaguar Warrior |
| 18:37 | Construir | House |
| 18:51 | Crear | Villager (Male) |
| 19:01 | Crear | Jaguar Warrior |
| 19:03 | Crear | Battering Ram |
| 19:13 | Crear | Villager (Male) |
| 19:24 | Crear | Jaguar Warrior |
| 19:34 | Crear | Villager (Male) |
| 19:43 | Crear | Villager (Male) |
| 19:47 | Construir | House |
| 19:52 | Crear | Battering Ram |
| 20:04 | Crear | Jaguar Warrior |
| 20:09 | Construir | Farm |
| 20:12 | Crear | Villager (Male) |
| 20:21 | Crear | Jaguar Warrior |
| 20:32 | Construir | Farm |
| 20:33 | Crear | Battering Ram |
| 20:43 | Crear | Villager (Male) |
| 20:52 | Crear | Jaguar Warrior |
| 21:03 | Crear | Mangonel |
| 21:06 | Construir | Farm |
| 21:08 | Crear | Villager (Male) |
| 21:16 | Crear | Villager (Male) |
| 21:24 | Construir | Farm |
| 21:37 | Crear | Jaguar Warrior |
| 21:45 | Crear | Jaguar Warrior |
| 21:50 | Crear | Jaguar Warrior |
| 21:56 | Construir | Barracks |
| 22:00 | Construir | Farm |
| 22:04 | Crear | Jaguar Warrior |
| 22:14 | Crear | Villager (Male) |
| 22:16 | Construir | Farm |
| 22:24 | Crear | Jaguar Warrior |
| 22:32 | Construir | House |
| 22:46 | Construir | Mill |
| 22:49 | Construir | Farm |
| 22:51 | Crear | Villager (Male) |
| 23:00 | Crear | Jaguar Warrior |
| 23:28 | Crear | Jaguar Warrior |
| 23:28 | Crear | Jaguar Warrior |
| 23:46 | Crear | Villager (Male) |
| 23:48 | Investigar | Scale Mail Armor |
| 23:50 | Crear | Jaguar Warrior |
| 23:51 | Crear | Jaguar Warrior |
| 23:58 | Investigar | Squires |
| 24:01 | Construir | House |
| 24:01 | Crear | Villager (Male) |
| 24:25 | Crear | Jaguar Warrior |
| 24:25 | Crear | Jaguar Warrior |
| 24:32 | Crear | Villager (Male) |
| 24:33 | Crear | Jaguar Warrior |
| 24:45 | Construir | House |
| 24:50 | Construir | Farm |
| 24:52 | Construir | Farm |
| 24:53 | Construir | Farm |
| 24:56 | Crear | Jaguar Warrior |
| 25:12 | Crear | Villager (Male) |
| 25:31 | Construir | Farm |
| 25:32 | Crear | Villager (Male) |
| 25:48 | Investigar | Chain Mail Armor |
| 25:50 | Construir | House |
| 25:53 | Construir | Farm |
| 25:54 | Crear | Villager (Male) |
| 25:55 | Crear | Jaguar Warrior |
| 25:55 | Crear | Jaguar Warrior |
| 26:02 | Crear | Jaguar Warrior |
| 26:05 | Construir | House |
| 26:06 | Crear | Battering Ram |
| 26:07 | Crear | Battering Ram |
Cronología de la partida
| 10:06 | 星星764 · age_up feudal |
| 10:11 | 雾雨精灵 · age_up feudal |
| 10:13 | JZE77874 · age_up feudal |
| 10:22 | 爸爸请帮我止痒 · age_up feudal |
| 10:40 | 闲人肥羊 · age_up feudal |
| 10:47 | ElitePlastic · age_up feudal |
| 11:01 | 红黑EX · age_up feudal |
| 11:12 | 雾雨精灵 · first_market_sell 100 wood |
| 11:33 | 爸爸请帮我止痒 · first_market_sell 100 wood |
| 11:39 | 闲人肥羊 · first_market_sell 100 wood |
| 11:44 | ElitePlastic · first_market_sell 100 wood |
| 11:46 | ElitePlastic · first_market_buy 100 wood |
| 11:54 | Coach_E · age_up feudal |
| 12:40 | Coach_E · first_market_buy 100 food |
| 12:45 | Coach_E · first_market_sell 100 food |
| 13:49 | 星星764 · age_up castle |
| 13:53 | 雾雨精灵 · age_up castle |
| 14:13 | 爸爸请帮我止痒 · age_up castle |
| 14:20 | JZE77874 · age_up castle |
| 14:21 | JZE77874 · first_building Siege Workshop |
| 14:23 | 闲人肥羊 · age_up castle |
| 14:35 | ElitePlastic · age_up castle |
| 14:36 | 红黑EX · age_up castle |
| 14:45 | 红黑EX · first_building Castle |
| 14:51 | 闲人肥羊 · first_building Castle |
| 16:24 | 闲人肥羊 · wall_segment Palisade Wall x1 |
| 16:32 | 闲人肥羊 · wall_segment Stone Wall x1 |
| 16:40 | Coach_E · age_up castle |
| 16:52 | 红黑EX · first_building Siege Workshop |
| 16:53 | 雾雨精灵 · wall_segment Stone Wall x4 |
| 17:16 | 闲人肥羊 · first_market_buy 100 wood |
| 17:31 | 雾雨精灵 · first_building Siege Workshop |
| 17:35 | 爸爸请帮我止痒 · first_building Siege Workshop |
| 17:45 | Coach_E · first_building Barracks |
| 17:55 | JZE77874 · first_market_sell 100 wood |
| 20:01 | 雾雨精灵 · first_building Barracks |
| 20:01 | 星星764 · first_building Monastery |
| 20:08 | JZE77874 · first_building Barracks |
| 20:44 | Coach_E · first_building Castle |
| 21:02 | ElitePlastic · first_building Monastery |
| 21:56 | 红黑EX · first_building Barracks |
| 23:10 | 爸爸请帮我止痒 · first_market_buy 100 food |
| 23:12 | 雾雨精灵 · first_building Stable |
| 23:34 | ElitePlastic · first_building Castle |
| 24:18 | 星星764 · first_building Barracks |
| 24:32 | 雾雨精灵 · first_market_buy 100 wood |
| 24:42 | 爸爸请帮我止痒 · first_building Barracks |
| 25:14 | 星星764 · first_building Stable |
| 25:22 | ElitePlastic · first_building Barracks |
| 25:26 | 雾雨精灵 · first_building Castle |
| 26:10 | ElitePlastic · first_building Stable |
| 26:21 | 爸爸请帮我止痒 · first_building Castle |
| 26:46 | 星星764 · first_building Castle |
| 28:02 | ElitePlastic · age_up imperial |
| 28:06 | 爸爸请帮我止痒 · wall_segment Stone Wall x1 |
| 28:15 | 星星764 · age_up imperial |
| 28:18 | 闲人肥羊 · first_building Barracks |
| 29:10 | 爸爸请帮我止痒 · age_up imperial |
| 30:12 | 闲人肥羊 · first_building Siege Workshop |
| 31:07 | 闲人肥羊 · age_up imperial |
| 31:41 | 爸爸请帮我止痒 · tribute_sent a jugador 1 |
| 31:41 | 爸爸请帮我止痒 · tribute_sent a jugador 2 |
| 31:41 | 爸爸请帮我止痒 · tribute_sent a jugador 3 |
| 31:41 | 爸爸请帮我止痒 · tribute_sent a jugador 4 |
| 31:41 | 爸爸请帮我止痒 · tribute_sent a jugador 6 |
| 31:41 | 爸爸请帮我止痒 · tribute_sent a jugador 7 |
| 31:41 | 爸爸请帮我止痒 · tribute_sent a jugador 8 |
| 31:41 | 星星764 · first_market_sell 100 food |
| 31:43 | 闲人肥羊 · first_building Archery Range |
| 32:30 | Coach_E · age_up imperial |
| 33:49 | JZE77874 · first_building Castle |
| 34:50 | 红黑EX · wall_segment Stone Wall x7 |
| 36:25 | 爸爸请帮我止痒 · tribute_sent a jugador 1 |
| 36:25 | 爸爸请帮我止痒 · tribute_sent a jugador 2 |
| 36:25 | 爸爸请帮我止痒 · tribute_sent a jugador 3 |
| 36:25 | 爸爸请帮我止痒 · tribute_sent a jugador 4 |
| 36:25 | 爸爸请帮我止痒 · tribute_sent a jugador 6 |
| 36:25 | 爸爸请帮我止痒 · tribute_sent a jugador 7 |
| 36:25 | 爸爸请帮我止痒 · tribute_sent a jugador 8 |
| 37:16 | 红黑EX · resign |
| 38:10 | Coach_E · tribute_sent a jugador 1 |
| 38:10 | Coach_E · tribute_sent a jugador 3 |
| 38:10 | Coach_E · tribute_sent a jugador 4 |
| 38:10 | Coach_E · tribute_sent a jugador 5 |
| 38:10 | Coach_E · tribute_sent a jugador 6 |
| 38:10 | Coach_E · tribute_sent a jugador 7 |
| 38:10 | Coach_E · tribute_sent a jugador 8 |
| 38:57 | Coach_E · first_building Archery Range |
| 39:24 | JZE77874 · wall_segment Stone Wall x1 |
| 41:29 | JZE77874 · age_up imperial |
| 41:48 | 爸爸请帮我止痒 · tribute_sent a jugador 1 |
| 41:48 | 爸爸请帮我止痒 · tribute_sent a jugador 2 |
| 41:48 | 爸爸请帮我止痒 · tribute_sent a jugador 3 |
| 41:48 | 爸爸请帮我止痒 · tribute_sent a jugador 4 |
| 41:48 | 爸爸请帮我止痒 · tribute_sent a jugador 6 |
| 41:48 | 爸爸请帮我止痒 · tribute_sent a jugador 7 |
| 41:48 | 爸爸请帮我止痒 · tribute_sent a jugador 8 |
| 42:12 | 雾雨精灵 · age_up imperial |
| 43:30 | 爸爸请帮我止痒 · first_building Stable |
| 44:30 | JZE77874 · wall_segment Stone Wall x5 |
| 46:42 | JZE77874 · first_market_buy 100 stone |
| 48:09 | JZE77874 · wall_segment Palisade Wall x1 |
| 48:23 | JZE77874 · wall_segment Palisade Wall x1 |
| 60:04 | 雾雨精灵 · first_building Monastery |
[ ANÁLISIS IA · 1 CRÉDITO ]
¿Qué pasó realmente en esta partida?
Wolo.gg analiza cada decisión: build order, eco, micro, errores típicos por bracket. Análisis personalizado por WhatsApp o Discord en 30 segundos.
Guía civ
Bohemios
Guía mapa
Arena
Perfil
闲人肥羊